 Dungeon Crawl Stone Soup version 0.17.0-24-gcfadda4 (console) character file.

6474 gw the Basher (level 10, -1/92 HPs)
             Began as a Deep Dwarf Fighter on Nov 18, 2015.
             Slain by a komodo dragon (7 damage)
             ... on level 10 of the Dungeon.
             The game lasted 00:04:45 (3095 turns).

gw the Basher (Deep Dwarf Fighter)                  Turns: 3095, Time: 00:04:46

Health: -1/92      AC: 16    Str: 21    XL:     10   Next: 68%
Magic:  0/0        EV:  5    Int:  8    God:
Gold:   198        SH: 11    Dex: 15    Spells: 0 memorised, 9 levels left

rFire  . . .     SeeInvis .     b - +2 morningstar
rCold  + . .     Clarity  .     B - +0 plate armour
rNeg   . . .     SustAt   .     c - +0 shield
rPois  .         Gourm    .     n - +0 helmet
rElec  +         Spirit   .     (no cloak)
rCorr  .         Warding  .     y - +0 pair of gloves of Piof Ode {rElec rC+} (curse)
rMut   .         Stasis   .     (no boots)
MR     +....                    (no amulet)
Stlth  ..........               (no ring)
                                (no ring)

@: non-regenerating, somewhat resistant to hostile enchantments, extremely
unstealthy
A: damage resistance, recharge devices, sense surroundings 2, slow regeneration
3
a: Device Recharging


You were on level 10 of the Dungeon.
You were not hungry.

You visited 1 branch of the dungeon, and saw 10 of its levels.

You collected 198 gold pieces.

Inventory:

Hand Weapons
 b - a +2 morningstar (weapon)
Missiles
 i - 68 stones (quivered)
Armour
 c - a +0 shield (worn)
 n - a +0 helmet (worn)
 y - the cursed +0 pair of gloves of Piof Ode (worn) {rElec rC+}
   (You found it on level 9 of the Dungeon)

   It protects you from cold.
   It insulates you from electricity.
   It has a curse placed upon it.
 B - a +0 plate armour (worn)
Wands
 e - a wand of heal wounds (0)
 u - a wand of teleportation (5)
 v - a wand of slowing (31)
Scrolls
 g - a scroll of random uselessness {unknown}
 h - 2 scrolls of identify {unknown}
 m - a scroll of teleportation {unknown}
 o - 2 scrolls of amnesia {unknown}
 s - a scroll of enchant weapon {unknown}
 t - a scroll of fear {unknown}
 A - a scroll of noise {unknown}
 C - a scroll of remove curse {unknown}
Potions
 d - a potion of might
 j - a potion of degeneration {unknown}
 k - a potion of curing {unknown}
 l - a potion of lignification {unknown}
 q - a potion of berserk rage
 x - a potion of cancellation {unknown}
Comestibles
 a - a beef jerky
 f - 3 bread rations
 p - 4 meat rations
 r - 15 fruits
 w - 6 slices of pizza


   Skills:
 + Level 6.6 Fighting
 * Level 9.4 Maces & Flails
 + Level 5.5 Throwing
 + Level 7.8 Armour
 + Level 8.0 Shields
 + Level 4.7 Evocations


You had 9 spell levels left.
You didn't know any spells.

Dungeon Overview and Level Annotations

Branches:
Dungeon (10/15)            Temple (0/1) D:5            Lair (0/8) D:10
    Orc: D:9-12

Altars:
Ru

Shops:
D:8 }


Innate Abilities, Weirdness & Mutations

You are resistant to damage.
You can recharge devices by infusing magical energy.
You passively map the area around you.
You do not regenerate naturally.


Message History

What level of the Lair of Beasts? (default 1, ? - help) Sorry, I don't know how to get there.
Quiver which item? (- for none, * to show all) (? for menu, Esc to quit)
Reset throwing quiver to default.
Quiver which item? (- for none, * to show all) (? for menu, Esc to quit)
Reset throwing quiver to default.
The komodo dragon bites you!
ATTACKING (-1,-1)
You puncture the komodo dragon!
The komodo dragon is heavily wounded.
The komodo dragon bites you!
ATTACKING (-1,-1)
You hit the komodo dragon.
The komodo dragon is heavily wounded.
The komodo dragon bites you!
ATTACKING (-1,-1)
You sock the komodo dragon!
The komodo dragon is almost dead.
The komodo dragon bites you!
You die...

*,* * * * * + *+ * ##.# *
#. , .... * , , #.# *#..
* # , , #.# #.. .##+# #.#
#.#####....** #.#
#...#...# * *, #.#
##.#l#.#######
#.#####.((.g........,*
#....(.(.##.########** ##
#.######.##.#######. ..
#.# #.##......... * #.
###.### #[########### #.
###.....####.###########
#.
*#.........##...........#
#.
#PP.PP......#.#########.#
###.


#PPPPPPPP)....# #.# #... You could see a komodo dragon.

Table legend:
 A = Turns spent in this place as a percentage of turns spent in the entire game.
 B = Non-inter-level travel turns spent in this place as a percentage of non-inter-level travel turns spent in the entire game.
 C = Inter-level travel turns spent in this place as a percentage of turns spent in this place.
 D = Turns resting spent in this place as a percentage of non-inter-level travel turns spent in this place.
 E = Turns spent auto-exploring this place as a percentage of non-inter-level travel turns spent in this place.
 F = Non-inter-level travel turns spent in this place divided by the number of levels of this place that you've seen.
                   A       B       C       D       E      F
               +-------+-------+-------+-------+-------+----------------------
         Total | 100.0 | 100.0 |   1.5 |   0.0 |   1.7 | 814.4
       Dungeon | 100.0 | 100.0 |   1.5 |   0.0 |   1.7 | 814.4
               +-------+-------+-------+-------+-------+----------------------

Table legend:
 A = Kills in this place as a percentage of kills in entire the game.
 B = Kills by you in this place as a percentage of kills by you in the entire game.
 C = Kills by friends in this place as a percentage of kills by friends in the entire game.
 D = Other kills in this place as a percentage of other kills in the entire game.
 E = Experience gained in this place as a percentage of experience gained in the entire game.
 F = Experience gained in this place divided by the number of levels of this place that you have seen.
                   A       B       C       D       E      F
               +-------+-------+-------+-------+-------+----------------------
         Total | 100.0 | 100.0 |  -nan | 100.0 | 100.0 | 924.9
       Dungeon | 100.0 | 100.0 |  -nan | 100.0 | 100.0 | 924.9
               +-------+-------+-------+-------+-------+----------------------

Vanquished Creatures
  A hydra (D:8)
  A centaur warrior (D:10)
  A hill giant (D:10)
  The ghost of gw the Cudgeler, a novice DDFi (D:8)
  A troll (D:8)
  10 yaks
  2 hippogriffs (D:8)
  An ice beast (D:8)
  2 sky beasts
  3 orc warriors
  An ogre (D:8)
  A centaur (D:8)
  2 necrophages
  3 big kobolds (D:8)
  3 giant frogs
  3 wights (D:10)
  A jelly (D:8)
  4 crimson imps
  A centaur zombie (D:9)
  3 hounds
  6 orc priests
  7 orc wizards
  A giant frog skeleton (D:8)
  An iguana (D:9)
  A centaur skeleton (D:10)
  A worker ant (D:8)
  2 sheep (D:8)
  A hound zombie (D:5)
  3 gnolls (D:8)
  Robin (D:4)
  A shadow imp (D:9)
  6 adders
  An ooze (D:5)
  2 giant geckos
  15 orcs
  3 bats (D:1)
  6 hobgoblins
  A kobold (D:1)
  A giant newt (D:2)
  12 goblins
  A quokka skeleton (D:9)
  A rat (D:1)
119 creatures vanquished.

Vanquished Creatures (others)
  An orc wizard (D:3)
  2 plants (D:10)
3 creatures vanquished.

Grand Total: 122 creatures vanquished

Notes
Turn   | Place    | Note
--------------------------------------------------------------
     0 | D:1      | gw the Deep Dwarf Fighter began the quest for the Orb.
     0 | D:1      | Reached XP level 1. HP: 20/20 MP: 1/1
    78 | D:1      | Reached XP level 2. HP: 17/27 MP: 2/2
    80 | D:1      | Reached skill level 1 in Evocations
   171 | D:3      | Reached XP level 3. HP: 20/33 MP: 2/4
   178 | D:3      | Reached skill level 1 in Throwing
   213 | D:4      | Reached XP level 4. HP: 40/42 MP: 5/5
   292 | D:4      | Noticed Robin
   335 | D:4      | Killed Robin
   338 | D:4      | Reached skill level 4 in Shields
   441 | D:4      | Reached XP level 5. HP: 44/49 MP: 6/6
   453 | D:5      | Entered Level 5 of the Dungeon
   631 | D:6      | Noticed a sky beast
   670 | D:6      | Killed a sky beast
   670 | D:6      | Reached XP level 6. HP: 46/56 MP: 6/6
   836 | D:8      | Reached XP level 7. HP: 44/63 MP: 5/5
   915 | D:8      | Noticed a hippogriff
   935 | D:8      | Killed a hippogriff
   938 | D:8      | Reached skill level 5 in Armour
   938 | D:8      | Reached skill level 5 in Shields
   982 | D:8      | Found Byzosha Qant's Gadget Boutique.
  1030 | D:8      | Reached skill level 5 in Maces & Flails
  1166 | D:8      | Reached XP level 8. HP: 40/72 MP: 5/5
  1232 | D:8      | Noticed gw's ghost (novice DDFi)
  1277 | D:8      | Killed gw's ghost
  1277 | D:8      | Reached skill level 6 in Maces & Flails
  1461 | D:8      | Reached skill level 5 in Fighting
  1582 | D:8      | Noticed a yak
  1584 | D:8      | Noticed a yak
  1613 | D:8      | Killed a yak
  1613 | D:8      | Reached skill level 7 in Maces & Flails
  1613 | D:8      | Gained mutation: You passively map the area around you. [Deep Dwarf growth]
  1613 | D:8      | Reached XP level 9. HP: 67/81 MP: 5/5
  1627 | D:8      | Killed a yak
  1663 | D:8      | Noticed a three-headed hydra
  1678 | D:8      | Killed a three-headed hydra
  1873 | D:8      | Reached skill level 8 in Maces & Flails
  1942 | D:8      | Got an ancient ring mail
  1953 | D:8      | Identified the +1 ring mail "Iracziph" {rPois} (You found it on level 8 of the Dungeon)
  2122 | D:9      | Got a pair of scorched gloves
  2128 | D:9      | Identified the cursed +0 pair of gloves of Piof Ode {rElec rC+} (You found it on level 9 of the Dungeon)
  2296 | D:9      | Found a sacrificial altar of Ru.
  2428 | D:9      | Reached XP level 10. HP: 53/91 MP: 2/2
  2658 | D:10     | Entered Level 10 of the Dungeon
  2699 | D:10     | Reached skill level 5 in Throwing
  2923 | D:10     | Noticed a hill giant
  2944 | D:10     | Killed a hill giant
  2944 | D:10     | Reached skill level 9 in Maces & Flails
  3041 | D:10     | Noticed a centaur warrior
  3042 | D:10     | Found a staircase to the Lair.
  3051 | D:10     | Killed a centaur warrior
  3095 | D:10     | Slain by a komodo dragon

Action                   |  1- 3 |  4- 6 |  7- 9 | 10-12 || total
-------------------------+-------+-------+-------+-------++-------
Melee: Flail             |    68 |   213 |   417 |    13 ||   711
       Morningstar       |       |       |       |   116 ||   116
Throw: Stone             |    11 |    56 |    48 |    16 ||   131
       Tomahawk          |       |       |    20 |     8 ||    28
 Abil: Device Recharging |       |     3 |     7 |     3 ||    13
Evoke: Wand              |     2 |    12 |    35 |    15 ||    64
  Eat: Chunk             |       |       |     6 |     3 ||     9

Vault maps used:
D:1:      wheals_arrival_shading
D:2:      uniq_iyjb
D:3:      minmay_door_path, lemuel_doored_altar,
          gammafunk_temple_overflow_forgotten, first_bread, serial_curves,
          eino_curves_03, eino_curves_01, eino_curves_04
D:4:      kennysheep_mini_moat, gammafunk_temple_overflow_statue, uniq_robin
D:5:      minmay_temple_entry_statues
D:6:      grunt_temple_overflow_gold_and_silver, marbit_many_paths,
          minmay_misc_feat_four_crosses
D:8:      serial_shops, shop, hangedman_ranch, grunt_decor_one_mirror
D:9:      nicolae_ru_awakened_eye
D:10:     david_lair_shrubbed, hiddenorc2_lemuel
